 Dungeon Crawl Stone Soup version 0.28.0-47-ge53b351184 (webtiles) character file.

Game seed: 9602274157321460852

283 GigaChad the Slasher (level 6, -1/56 HPs)
             Began as a Minotaur Fighter on May 5, 2022.
             Was an Initiate of Ru.
             Slain by Menkaure (13 damage)
             ... on level 4 of the Dungeon on May 6, 2022.
             The game lasted 00:06:02 (3694 turns).

GigaChad the Slasher (Minotaur Fighter)             Turns: 3694, Time: 00:06:03

Health: -1/56      AC:  7    Str: 21    XL:     6   Next: 7%
Magic:  5/5        EV:  9    Int:  5    God:    Ru [......]
Gold:   98         SH:  4    Dex: 11    Spells: 5/5 levels left

rFire   . . .      SeeInvis .   a - +0 long sword
rCold   . . .      Faith    .   c - +0 buckler
rNeg    . . .      Spirit   .   b - +0 scale mail
rPois   .          Reflect  .   (helmet restricted)
rElec   .          Harm     .   (no cloak)
rCorr   .          Rampage  .   (no gloves)
Will    .....                   (no boots)
Stlth   ..........              (no amulet)
HPRegen 0.18/turn               (no ring)
MPRegen 0.09/turn               (no ring)

@: no status effects
A: horns 2, retaliatory headbutt
a: Renounce Religion, Sacrifice Love, Sacrifice Stealth, Sacrifice Health,
Reject Sacrifices


You were on level 4 of the Dungeon.
You worshipped Ru.
Ru was noncommittal.
You visited 1 branch of the dungeon, and saw 4 of its levels.

You collected 98 gold pieces.

Inventory:

Hand Weapons
 a - a +0 long sword (weapon)
 s - a +2 mace of venom
Armour
 b - a +0 scale mail (worn)
 c - a +0 buckler (worn)
Jewellery
 g - an amulet of the acrobat
 m - a ring of magical power
Wands
 k - a wand of paralysis (11)
Scrolls
 f - 2 scrolls of fog {unknown}
 h - 4 scrolls of identify {unknown}
 i - a scroll of magic mapping {unknown}
 l - a scroll of vulnerability {unknown}
 n - a scroll of enchant weapon {unknown}
 o - a scroll of blinking {unknown}
Potions
 d - 3 potions of might
 e - 2 potions of curing {unknown}
 j - a potion of cancellation {unknown}
 p - a potion of heal wounds {unknown}
 q - a potion of haste {unknown}
 r - a potion of attraction {unknown}


   Skills:
 + Level 5.1 Fighting
 + Level 5.3 Long Blades
 + Level 4.8 Armour
 + Level 1.3 Dodging
 + Level 4.0 Shields


You had 5 spell levels left.
You didn't know any spells.
Your spell library contained the following spells:

 Spells                   Type           Power      Damage    Failure   Level
 Animate Skeleton         Necr           0%         N/A       88%         1
 Apportation              Tloc           0%         N/A       88%         1
 Summon Small Mammal      Summ           0%         N/A       88%         1
 Dazzling Flash           Conj/Hex       0%         N/A       99%         3
 Agony                    Necr           0%         N/A       100%        5
 Silence                  Hex/Air        0%         N/A       100%        5


Dungeon Overview and Level Annotations

Branches:
Dungeon (4/15)
 Temple: D:4-7

Altars:
Ru

Annotations:
D:4 Menkaure


Innate Abilities, Weirdness & Mutations

You have a pair of horns on your head.
You reflexively headbutt those who attack you in melee.


Message History

Found an escape hatch in the floor.
You block the giant cockroach's attack. You block the giant cockroach's attack.
Menkaure and an orc come into view.
Menkaure shouts!
You block the giant cockroach's attack.
The giant cockroach bites you but does no damage.
You slash the giant cockroach!
You kill the giant cockroach!
The iguana closely misses you.
You see here a giant cockroach corpse.
You barely miss the iguana. You headbutt the iguana!
The iguana is heavily wounded.
The iguana closely misses you.
You slash the iguana!
You kill the iguana!
Menkaure barely misses you. You furiously retaliate!
You headbutt Menkaure, but do no damage.
You block the orc's attack.
You have reached level 6!
The orc hits you from afar with a +0 trident.
Menkaure murmurs, "Let me perform the rites..."
Menkaure gestures at you while chanting.
Pain shoots through your body! The orc barely misses you.
You closely miss the orc. You headbutt the orc!
You kill the orc!
Menkaure barely misses you.
Menkaure points at you and mumbles some strange words.
Pain shoots through your body! Menkaure barely misses you. Menkaure hits you!
You see here a +0 trident.
You closely miss Menkaure. Menkaure hits you!
* * * LOW HITPOINT WARNING * * *
You barely miss Menkaure. You headbutt Menkaure.
Menkaure is moderately damaged.
You hit Menkaure but do no damage.
Menkaure is moderately damaged.
Menkaure hits you!
You die...

# #..........## #. #
#........### .......>. #
#.........# ##.......... #
#.......#.###..#........ #
##.##.###.....##........
###..##.####.....#......
....###.#......#.#.... .
...........#####M.#.# #.#
....##......)...@...##...#
........#########†........
........# #.....##..
....#.... #.......#......
......#.. #....##...?....
...####.# ...... #.##.##..
##..# #.... ..# .# .
....## ##... ... ..
..#..## #... .## ..


You could see Menkaure.

Vanquished Creatures
  Terence (D:3)
  An iguana (D:4)
  Natasha (thrice) (D:2)
  Robin (D:2)
  8 adders
  2 worms (D:3)
  An orc (D:4)
  8 ball pythons
  2 bats (D:3)
  5 endoplasms
  3 giant cockroaches
  13 goblins
  4 hobgoblins
  4 jackals (D:1)
  4 quokkas
  A frilled lizard (D:2)
  A kobold (D:2)
  5 rats
  A spectral goblin (D:1)
68 creatures vanquished.

Notes
Turn   | Place    | Note
-------+----------+-------------------------------------------
     0 | D:1      | GigaChad the Minotaur Fighter began the quest for the Orb.
     0 | D:1      | Reached XP level 1. HP: 19/19 MP: 0/0
   629 | D:1      | Reached XP level 2. HP: 20/27 MP: 1/1
   786 | D:1      | Found a faded altar of an unknown god.
   834 | D:1      | Prayed at the altar of an unknown god.
   834 | D:1      | Became a worshipper of Ru the Awakened
  1145 | D:2      | Reached XP level 3. HP: 34/34 MP: 2/2
  1399 | D:2      | Reached skill level 1 in Dodging
  1471 | D:2      | Noticed Natasha
  1484 | D:2      | Killed Natasha
  1485 | D:2      | Reached XP level 4. HP: 14/41 MP: 3/3
  1710 | D:2      | Noticed Natasha
  1716 | D:2      | Killed Natasha
  1732 | D:2      | Noticed Natasha
  1738 | D:2      | Killed Natasha
  1739 | D:2      | Reached XP level 5. HP: 30/47 MP: 4/4
  2288 | D:2      | Noticed Robin
  2293 | D:2      | Killed Robin
  2812 | D:3      | Reached skill level 5 in Fighting
  2896 | D:3      | Reached skill level 5 in Long Blades
  2975 | D:3      | Noticed Terence
  2983 | D:3      | Killed Terence
  3677 | D:4      | Noticed Menkaure
  3684 | D:4      | Reached XP level 6. HP: 56/56 MP: 5/5
  3694 | D:4      | Slain by Menkaure

Illustrated notes

Levels and vault maps discovered:
D:1:      lightli_arrival_noodles, layout_loops_ring,
          dreamdust_ecumenical_altar_drowned_temple
D:2:      layout_basic, uniq_robin, uniq_natasha
D:3:      layout_loops_ring, uniq_terence
D:4:      layout_rooms, serial_glass, glass_columns_a, glass_columns_b,
          kennysheep_cluttered_room, uniq_menkaure

Skill      XL: |  1  2  3  4  5 |
---------------+----------------+-----
Fighting       | 4 5 |  5.1
Armour         | 4 |  4.8
Long Blades    | 3 4 5 |  5.3
Dodging        | 1 |  1.3
Shields        | 4 |  4.0

Action                   |  1- 3 |  4- 6 || total
-------------------------+-------+-------++-------
Melee: Long sword        |    74 |    72 ||   146
       Headbutt          |     4 |    10 ||    14
Armor: Scale mail        |    40 |    33 ||    73
Dodge: Dodged            |    49 |    31 ||    80
Block: Buckler           |    17 |    18 ||    35
